 Dungeon Crawl Stone Soup version 0.22-a0-430-g6609fc6 (webtiles) character file.

5036 suicidejoker the Covered (level 10, 55/63 HPs)
             Began as a Gargoyle Fighter on May 26, 2018.
             Was an Initiate of Gozag.
             Starved to death
             ... on level 11 of the Dungeon on May 27, 2018.
             The game lasted 00:29:46 (8211 turns).

suicidejoker the Covered (Gargoyle Fighter)         Turns: 8211, Time: 00:29:47

Health: 55/63      AC: 23    Str: 18    XL:     10   Next: 55%
Magic:  10/10      EV:  7    Int: 11    God:    Gozag
Gold:   562        SH: 10    Dex: 12    Spells: 9/9 levels left

rFire    . . .     SeeInvis .   v - +1 trident (pain)
rCold    + . .     Gourm    .   c - +0 shield
rNeg     + . .     Faith    .   t - +0 plate armour
rPois    ∞         Spirit   .   d - +0 hat
rElec    +         Reflect  .   u - scarf {repulsion}
rCorr    .         Harm     .   r - +0 pair of gloves
MR       .....                  (no boots)
Stlth    ..........             (no amulet)
HPRegen  0.20/turn              e - ring of protection from cold
MPRegen  0.12/turn              b - -2 ring of strength (curse)

@: gold aura, fainting, repel missiles
A: molten scales 1, clever 1, deterioration 1, negative energy resistance 1,
electricity resistance, unbreathing, petrification resistance, rot immunity, AC
+7
a: Potion Petition, Call Merchant, Bribe Branch, Renounce Religion


You were on level 11 of the Dungeon.
You worshipped Gozag.
Gozag was pleased with you.
You were fainting.

You visited 2 branches of the dungeon, and saw 12 of its levels.
You visited the Abyss 1 time.

You collected 1095 gold pieces.
You paid 533 gold pieces to Gozag.

Inventory:

Hand Weapons
 a - a +0 long sword
 j - a +0 shortbow
 v - a +1 trident of pain (weapon)
 C - a cursed -3 dagger
 E - a +0 falchion of holy wrath
Missiles
 g - 104 sling bullets
 h - 8 javelins (quivered)
 i - 144 arrows
 k - 57 stones
 z - 7 needles of frenzy
 A - 18 bolts
 D - 3 tomahawks
Armour
 c - a +0 shield (worn)
 d - a +0 hat (worn)
 r - a +0 pair of gloves (worn)
 t - a +0 plate armour (worn)
 u - a scarf of repulsion (worn)
Jewellery
 b - a cursed -2 ring of strength (right hand)
 e - a ring of protection from cold (left hand)
 q - an uncursed amulet of harm {unknown}
 y - an uncursed ring of positive energy
 F - an uncursed ring of positive energy
Wands
 f - a wand of disintegration (13)
 o - a wand of acid (5)
 p - a wand of digging (12)
 s - a wand of iceblast (5)
 x - a wand of enslavement (5)
Scrolls
 l - 2 scrolls of remove curse
 m - 3 scrolls of magic mapping
 n - 8 scrolls of identify
Potions
 w - 2 potions of brilliance
 B - a potion of curing


   Skills:
 + Level 7.1 Fighting
 - Level 6.1 Long Blades
 * Level 4.2 Polearms
 + Level 7.2 Armour
 * Level 6.8 Dodging
 + Level 7.1 Shields


You had 9 spell levels left.
You didn't know any spells.
Your spell library contained the following spells:

 Spells                   Type           Power        Failure   Level  Hunger
 Apportation              Tloc           #.....       100%        1    ##.....
 Summon Small Mammal      Summ           #...         100%        1    ##.....
 Animate Skeleton         Necr           N/A          100%        1    ##.....
 Confusing Touch          Hex            #.....       100%        1    ##.....


Dungeon Overview and Level Annotations

Branches:
Dungeon (11/15)            Temple (1/1) D:4
   Lair: D:8-11         Orc: D:9-12

Altars:
Cheibriados
Dithmenos
Gozag
Kikubaaqudgha
Nemelex Xobeh
Ru
Vehumet
Wu Jian
Yredelemnul
Zin

Shops:
D:5 :

Annotations:
D:3 cellescent's ghost, amateur GnWn
D:4 Grinder
D:5 Ijyb; Prince Ribbit
D:9 Erica; Erolcha


Innate Abilities, Weirdness & Mutations

You are resistant to torment.
Your stone body is resilient. (AC +7)
You are immune to poison.
You resist negative energy. (rN+)
You are resistant to electric shocks. (rElec)
You can survive without breathing.
You are immune to petrification.
You are immune to rotting.
You are partially covered in molten scales. (AC +2)
Your mind is acute. (Int +2)
Your body sometimes deteriorates upon taking damage.


Message History

You kill the centaur!
The centaur warrior skeleton hits you but does no damage.
The centaur warrior skeleton hits you.
You puncture the centaur warrior skeleton!
The centaur warrior skeleton is lightly damaged.
The centaur warrior skeleton hits you.
You hit the centaur warrior skeleton but do no damage.
The centaur warrior skeleton is lightly damaged.
The centaur warrior skeleton hits you but does no damage. x2
You hit the centaur warrior skeleton.
The centaur warrior skeleton is lightly damaged.
The centaur warrior skeleton hits you but does no damage.
You hit the centaur warrior skeleton.
The centaur warrior skeleton is lightly damaged.
The centaur warrior skeleton hits you but does no damage. x2
You hit the centaur warrior skeleton but do no damage.
The centaur warrior skeleton is lightly damaged.
You have starved to death.
You die...
Your body crumbles into a pile of gold.

#..# #.(#
#.#####..#
#.....(.(#
#.....c(.#
..........(#
.......(.cc#
....######Z#
.........@$#
...........#
...........#
##########


You could see a centaur and a centaur warrior skeleton.

Vanquished Creatures
  A two-headed ogre (D:8)
  A hippogriff (D:8)
  4 yaks (D:10)
  2 hungry ghosts
  A water moccasin (D:10)
  An ice beast (D:9)
  2 orc warriors (D:10)
  2 black bears
  2 necrophages
  An ogre (D:10)
  4 centaurs
  A big kobold (D:8)
  3 bullfrogs
  2 scorpions
  A howler monkey (D:6)
  A crimson imp (D:6)
  5 hounds
  A jelly (D:8)
  3 orc priests
  11 orc wizards
  4 iguanas
  3 worker ants
  6 gnolls
  4 adders
  3 shadow imps
  A white imp (Abyss:4)
  An ufetubus (Abyss:1)
  2 adder skeletons
  A worm (D:6)
  4 dart slugs
  4 leopard geckos
  24 orcs
  A ball python (D:3)
  3 bats
  10 giant cockroaches
  5 goblins
  6 hobgoblins
  9 jackals
  3 quokkas
  5 frilled lizards
  7 kobolds
  3 rats
158 creatures vanquished.

Vanquished Creatures (collateral kills)
  A phantom (D:9)
  3 wolves (D:9)
4 creatures vanquished.

Vanquished Creatures (others)
  A dancing weapon (Abyss:4)
  Grum (D:9)
  An orc (D:3)
3 creatures vanquished.

Grand Total: 165 creatures vanquished

Notes
Turn   | Place    | Note
-------+----------+-------------------------------------------
     0 | D:1      | suicidejoker the Gargoyle Fighter began the quest for the Orb.
     0 | D:1      | Reached XP level 1. HP: 14/14 MP: 1/1
   218 | D:1      | Reached XP level 2. HP: 17/19 MP: 2/2
   781 | D:2      | Reached skill level 1 in Dodging
   781 | D:2      | Reached XP level 3. HP: 23/23 MP: 3/3
   862 | D:2      | HP: 1/23 [gnoll/halberd (7)]
   877 | D:2      | Reached XP level 4. HP: 8/28 MP: 4/4
  1396 | D:2      | Found a snail-covered altar of Cheibriados.
  1840 | D:3      | Reached XP level 5. HP: 30/33 MP: 5/5
  2216 | D:3      | Noticed cellescent's ghost (amateur GnWn)
  2286 | D:4      | Found a staircase to the Ecumenical Temple.
  2295 | Temple   | Entered the Ecumenical Temple
  2317 | Temple   | Became a worshipper of Gozag Ym Sagoz the Greedy
  2634 | D:4      | Noticed Grinder
  2636 | D:5      | Entered Level 5 of the Dungeon
  2636 | D:5      | Found Vanlafeith's Book Shoppe.
  2636 | D:5      | Noticed Prince Ribbit
  2651 | D:5      | Reached XP level 6. HP: 18/38 MP: 6/6
  2691 | D:5      | Noticed a sky beast
  2936 | D:5      | Noticed Ijyb
  2978 | D:4      | Gained mutation: Scrolls take you a little longer to read. [potion of mutation]
  2978 | D:4      | Gained mutation: Your spells are a little easier to cast, but a little less powerful. [potion of mutation]
  2978 | D:4      | Gained mutation: Your mind is acute. (Int +2) [potion of mutation]
  2978 | D:4      | Gained mutation: You are partially covered in thin metallic scales. (AC +2) [potion of mutation]
  2985 | D:4      | Paralysed by Grinder for 4 turns
  3230 | D:5      | You fall through a shaft!
  3367 | D:6      | Lost mutation: Your spells are a little easier to cast, but a little less powerful. [potion of mutation]
  3367 | D:6      | Lost mutation: Scrolls take you a little longer to read. [potion of mutation]
  3367 | D:6      | Lost mutation: You are partially covered in thin metallic scales. (AC +2) [potion of mutation]
  3367 | D:6      | Gained mutation: You have an increased reservoir of magic. (+10% MP) [potion of mutation]
  3367 | D:6      | Gained mutation: You are partially covered in slimy green scales. (AC +2) [potion of mutation]
  3399 | D:6      | Lost mutation: You are partially covered in slimy green scales. (AC +2) [potion of mutation]
  3399 | D:6      | Lost mutation: You have an increased reservoir of magic. (+10% MP) [potion of mutation]
  3399 | D:6      | Gained mutation: Your body sometimes deteriorates upon taking damage. [potion of mutation]
  3399 | D:6      | Gained mutation: You are partially covered in molten scales. (AC +2) [potion of mutation]
  3420 | D:6      | Noticed a black bear
  3451 | D:6      | Killed a black bear
  3451 | D:6      | Reached XP level 7. HP: 27/43 MP: 7/7
  4383 | D:7      | Found a sparkling altar of Nemelex Xobeh.
  4415 | D:7      | Noticed a kobold demonologist
  4417 | D:7      | Noticed a kobold demonologist
  4436 | D:8      | Found a sacrificial altar of Ru.
  4446 | D:8      | Reached XP level 8. HP: 48/48 MP: 8/8
  4451 | D:8      | Noticed a hippogriff
  4472 | D:8      | Killed a hippogriff
  4472 | D:8      | Reached skill level 5 in Fighting
  4472 | D:8      | Reached skill level 5 in Armour
  4472 | D:8      | Reached skill level 5 in Shields
  4876 | D:8      | Reached skill level 5 in Long Blades
  5296 | D:8      | Noticed a two-headed ogre
  5313 | D:8      | Killed a two-headed ogre
  5313 | D:8      | Reached skill level 5 in Dodging
  5313 | D:8      | Reached XP level 9. HP: 27/55 MP: 9/9
  5620 | D:8      | Found a basalt altar of Yredelemnul.
  6035 | D:9      | Reached skill level 1 in Polearms
  6164 | D:9      | Noticed Erica
  6203 | D:9      | HP: 1/55 [iguana (6)]
  6482 | D:9      | Noticed Erolcha
  6532 | D:9      | Cast into level 1 of the Abyss (Erolcha)
  6566 | Abyss:1  | Found a corrupted altar of Lugonu.
  6637 | Abyss:1  | Noticed a reaper
  6716 | Abyss:4  | Noticed a long sword of holy wrath
  6733 | Abyss:4  | Killed a long sword of holy wrath
  6733 | Abyss:4  | Reached XP level 10. HP: 31/61 MP: 10/10
  6742 | Abyss:4  | Noticed a large abomination
  6760 | D:9      | Escaped the Abyss
  6769 | D:9      | Noticed Grum
  6785 | D:9      | Your ally died
  6916 | D:9      | Noticed a two-headed ogre
  6922 | D:10     | Entered Level 10 of the Dungeon
  8127 | D:10     | Paralysed by fainting for 5 turns
  8211 | D:11     | Starved to death

Vault maps used:
D:1:      ncdulo_smallfort
D:2:      lemuel_crystal_altar, minmay_misc_feat_secret_circle, minmay_tripent
D:3:      minmay_wonky_spiral, first_ration
D:4:      makhleb_grotto_becter, minmay_temple_entry_mist, uniq_menkaure,
          uniq_grinder
D:5:      serial_shops, shop, kennysheep_pointless_box, st_stairs_9,
          patterned_corridor, uniq_ijyb, uniq_prince_ribbit1, uniq_pikel
D:7:      nemelex_xobeh_ov_fountains_minmay, cheibrodos_ashenzari_chains,
          serial_shops, shop, grunt_livestock, makhleb_altar_promises_db
D:8:      lemuel_round_altar, nicolae_ru_great_annihilating_truth
D:9:      okawaru_metal_pillars_1_2, lemuel_coloured_pillars_altar,
          minmay_lair_entry_lava, uniq_erolcha, uniq_grum, uniq_erica
D:11:     hiddenorc1_lemuel, uniq_psyche, uniq_nergalle
Temple:   regret_index_temple_waves
Abyss:2:  hangedman_cross_veins
Abyss:3:  evilmike_abyss_exit_chaos
Abyss:4:  evilmike_abyss_exit_smiterflies, hangedman_stitches_earthworm

Skill      XL: |  1  2  3  4  5  6  7  8  9 10 |
---------------+-------------------------------+-----
Long Blades    | 2 3 4 6 |  6.1
Dodging        | 1 2 3 5 6 |  6.8
Armour         | 4 6 7 |  7.2
Shields        | 4 6 7 |  7.1
Fighting       | 4 5 6 7 |  7.1
Polearms       | 2 4 |  4.2

Action                   |  1- 3 |  4- 6 |  7- 9 | 10-12 || total
-------------------------+-------+-------+-------+-------++-------
Melee: Long sword        |    89 |   236 |   258 |       ||   583
       Trident           |       |       |   210 |   250 ||   460
Invok: Potion Petition   |       |     1 |     1 |       ||     2
Evoke: Wand              |       |       |    11 |    13 ||    24
  Use: Scroll            |     2 |     4 |     5 |     2 ||    13
       Potion            |     2 |     8 |     3 |       ||    13
 Stab: Invisible         |       |       |     1 |       ||     1
       Paralysed         |       |       |    14 |     6 ||    20
       Distracted        |       |       |     2 |       ||     2
  Eat: Chunk             |       |     4 |       |       ||     4
       Ration            |       |     1 |     9 |     1 ||    11
Armor: Scale mail        |    20 |       |       |       ||    20
       Ring mail         |    24 |   138 |   131 |       ||   293
       Plate armour      |       |       |   142 |   144 ||   286
Dodge: Dodged            |    35 |   108 |   141 |    66 ||   350
       Deflected         |       |       |       |     2 ||     2
Block: Shield            |    54 |   161 |   222 |   151 ||   588
       Rpst.: Long sword |    11 |    33 |    34 |       ||    78

Table legend:
 A = Spawn XP
 B = Non-spawn XP
 C = Spawn XP percentage of total XP
 D = Spawn monster count
 E = Non-spawn monster count
 F = Spawn count percentage of total count
 G = Total turns spent on level
                    A         B        C        D         E        F      G
               +---------+---------+-------+---------+---------+-------+---------
         Total |      18 |    7177 |   0.3 |       2 |     161 |   1.2 |  8211
               +---------+---------+-------+---------+---------+-------+---------
           D:1 |       0 |      25 |   0.0 |       0 |      12 |   0.0 |   967
           D:2 |       0 |     100 |   0.0 |       0 |      21 |   0.0 |   855
           D:3 |       0 |     125 |   0.0 |       0 |      18 |   0.0 |   415
           D:4 |       0 |      65 |   0.0 |       0 |       5 |   0.0 |   211
           D:5 |       0 |      62 |   0.0 |       0 |      10 |   0.0 |   369
           D:6 |       0 |     611 |   0.0 |       0 |      17 |   0.0 |  1084
           D:7 |       0 |      71 |   0.0 |       0 |       3 |   0.0 |   108
           D:8 |       0 |    2366 |   0.0 |       0 |      30 |   0.0 |  1519
           D:9 |       0 |     768 |   0.0 |       0 |      17 |   0.0 |   753
          D:10 |       0 |    1844 |   0.0 |       0 |      25 |   0.0 |  1211
          D:11 |       0 |     236 |   0.0 |       0 |       2 |   0.0 |    78
       Abyss:1 |       8 |       0 | 100.0 |       1 |       0 | 100.0 |   111
       Abyss:4 |      10 |     904 |   1.1 |       1 |       1 |  50.0 |    85
               +---------+---------+-------+---------+---------+-------+---------
